 Dungeon Crawl Stone Soup version 0.26.0-16-gc1dbca0489 (webtiles) character file.

Game seed: 1065597057309722920

16 thiole the Magician (level 2, -1/17 HPs)
             Began as an Octopode Hedge Wizard on Jan 20, 2021.
             Slain by an adder (3 damage)
             ... on level 2 of the Dungeon.
             The game lasted 00:01:08 (792 turns).

thiole the Magician (Octopode Hedge Wizard)          Turns: 792, Time: 00:01:09

Health: -1/17      AC:  1    Str:  7 (9)  XL:     2   Next: 58%
Magic:  6/6        EV: 12    Int: 13 (16) God:
Gold:   38         SH:  2    Dex:  8 (11) Spells: 6/7 levels left

rFire    . . .     SeeInvis .   a - +0 dagger
rCold    . . .     Faith    .   h - +0 buckler
rNeg     . . .     Spirit   .   b - +0 hat
rPois    .         Reflect  .   (no amulet)
rElec    .         Harm     .   (no ring)
rCorr    .         Rampage  .   (no ring)
Will     .....                  (no ring)
Stlth    +++.......             (no ring)
HPRegen  0.05/turn              (no ring)
MPRegen  0.10/turn              (no ring)
                                (no ring)
                                (no ring)

@: lethally poisoned (-1 -> -11), flying
A: almost no armour, stealthy swim, amphibious, 8 rings, constrict 8, camouflage
1, gelatinous body 1
a: no special abilities


You were on level 2 of the Dungeon.
You visited 1 branch of the dungeon, and saw 2 of its levels.

You collected 38 gold pieces.

Inventory:

Hand Weapons
 a - a +0 dagger (weapon)
Armour
 b - a +0 hat (worn)
 h - a +0 buckler (worn)
Scrolls
 e - a scroll of random uselessness
 i - a scroll of remove curse {unknown}
 j - a scroll of identify {unknown}
Potions
 f - a potion of mutation {unknown}
 g - a potion of invisibility {unknown}


   Skills:
 - Level 2.0 Dodging
 + Level 3.0 Stealth
 * Level 0.0 Shields
 + Level 3.1 Spellcasting
 * Level 1.6 Conjurations
 * Level 1.5 Summonings
 - Level 1.0 Translocations


You had 6 spell levels left.
You knew the following spells:

 Your Spells              Type           Power        Failure   Level
a - Magic Dart            Conj           24%          19%         1

Your spell library contained the following spells:

 Spells                   Type           Power        Failure   Level
 Call Imp                 Summ           6%           30%         2
 Blink                    Tloc           N/A          36%         2
 Slow                     Hex            2%           50%         2
 Conjure Flame            Conj/Fire      4%           63%         3
 Mephitic Cloud           Conj/Pois/Air  3%           67%         3


Dungeon Overview and Level Annotations

Branches:
Dungeon (2/15)

Altars:


Innate Abilities, Weirdness & Mutations

You cannot wear most types of armour.
You are very stealthy in the water. (Stealth+)
You are amphibious.
You can wear up to eight rings at the same time.
You can use your tentacles to constrict eight enemies at once.
Your skin changes colour to match your surroundings (Stealth+).
Your rubbery body absorbs attacks. (AC +1, EV +1)


Message History

You are too injured to fight recklessly!
You are too injured to fight recklessly!
You are too injured to fight recklessly!
You feel sick. The bat hits you but does no damage. The adder bites you.
* * * LOW HITPOINT WARNING * * *
You are more poisoned.
The adder poisons you!
* * * LOW HITPOINT WARNING * * *
You feel sick. The bat misses you.
There is a stone staircase leading up here.
It was a potion of flight.
You feel very buoyant.
You fly up into the air.
The adder barely misses you.
It was a potion of degeneration.
There was something very wrong with that liquid.
You feel weakened.
You feel dopey.
You feel clumsy.
* * * LOW HITPOINT WARNING * * *
You feel sick. You block the bat's attack. The adder barely misses you.
The adder bites you.
You die...

.... ....#
<....##
.......##
......######
#.<......#
#....#
########Sb..##.
.......@........
########....#...
#........
#####..## ..#
..# .#


You could see an adder and a bat.

Vanquished Creatures
  A dart slug (D:1)
  2 giant cockroaches (D:1)
  2 hobgoblins (D:1)
  2 jackals (D:1)
  A ball python (D:1)
  2 bats (D:1)
  3 frilled lizards (D:1)
  A kobold (D:1)
  A rat (D:1)
15 creatures vanquished.

Notes
Turn   | Place    | Note
-------+----------+-------------------------------------------
     0 | D:1      | thiole the Octopode Hedge Wizard began the quest for the
                  | Orb.
     0 | D:1      | Reached XP level 1. HP: 11/11 MP: 4/4
   364 | D:1      | Reached XP level 2. HP: 17/17 MP: 4/6
   792 | D:2      | Slain by an adder

Illustrated notes

Levels and vault maps discovered:
D:1:      amcnicky_arrival_single_pillar, layout_rooms, hangedman_decor_push,
          glass_columns_a
D:2:      layout_rooms, minmay_pentomino_x2

Skill      XL: |  1  2 |
---------------+-------+-----
Stealth        | 3 |  3.0
Dodging        | |  2.0
Spellcasting   | |  3.1
Conjurations   | |  1.6
Summonings     | |  1.5
Translocations | |  1.0

Action                   || total
-------------------------++-------
Melee: Dagger            ||    20
       Constrict         ||     4
       Tentacles         ||     4
 Cast: Magic Dart        ||    34
  Use: Potion            ||     2
       Scroll            ||     1
Armor: Skin              ||     5
Dodge: Dodged            ||    15
Block: Buckler           ||     3
